 Dungeon Crawl Stone Soup version 0.26-a0-639-g72c4674329 (webtiles) character file.

Game seed: 2847403779292082798

13279 Borgoz the Basher (level 12, -1/75 HPs)
             Began as a Gargoyle Gladiator on Sept 18, 2020.
             Was a High Priest of Zin.
             Slain by a yak (8 damage)
             ... on level 12 of the Dungeon.
             The game lasted 00:23:48 (13524 turns).

Borgoz the Basher (Gargoyle Gladiator)             Turns: 13524, Time: 00:23:49

Health: -1/75      AC: 25    Str: 19    XL:     12   Next: 4%
Magic:  12/12      EV: 16    Int:  9    God:    Zin [*****.]
Gold:   551        SH:  0    Dex: 15    Spells: 11/11 levels left

rFire    + . .     SeeInvis .   a - +2 flail (vorpal)
rCold    + . .     Faith    .   (no shield)
rNeg     + . .     Spirit   .   I - +2 scale mail {rC+}
rPois    ∞         Reflect  +   f - +2 helmet
rElec    +         Harm     .   H - scarf {repulsion}
rCorr    .         Rampage  .   x - +0 pair of gloves
MR       +....                  k - +0 pair of boots
Stlth    ..........             D - amulet of reflection
HPRegen  0.22/turn              A - ring of protection from fire
MPRegen  0.13/turn              s - ring of protection from magic

@: confused, repel missiles
A: negative energy resistance 1, electricity resistance, unbreathing,
petrification resistance, rot immunity, AC +8
a: Recite, Vitalisation, Imprison, Sanctuary, Donate Gold, Renounce Religion


You were on level 12 of the Dungeon.
You worshipped Zin.
Zin was extremely pleased with you.
You visited 2 branches of the dungeon, and saw 13 of its levels.
You also visited: Ossuary.

You collected 612 gold pieces.
You donated 61 gold pieces to Zin.

Inventory:

Hand Weapons
 a - a +2 vorpal flail (weapon)
 b - a +2 morningstar of holy wrath
Missiles
 d - 5 throwing nets (quivered)
Armour
 f - a +2 helmet (worn)
 k - a +0 pair of boots (worn)
 x - a +0 pair of gloves (worn)
 C - a +0 troll leather armour
 H - a scarf of repulsion (worn)
 I - a +2 scale mail of cold resistance (worn)
Jewellery
 s - a ring of protection from magic (right hand)
 A - a ring of protection from fire (left hand)
 D - an amulet of reflection (around neck)
Wands
 e - a wand of paralysis (8)
 p - a wand of flame (57)
Scrolls
 c - 4 scrolls of blinking
 h - a scroll of enchant weapon
 i - 4 scrolls of fear
 j - a scroll of summoning {unknown}
 l - 2 scrolls of enchant armour
 r - 2 scrolls of amnesia
 t - 9 scrolls of remove curse
 u - a scroll of brand weapon {unknown}
 w - 5 scrolls of teleportation
 y - a scroll of vulnerability {unknown}
 B - 3 scrolls of fog
 E - 3 scrolls of immolation {unknown}
Potions
 g - 3 potions of brilliance
 m - a potion of resistance
 n - 3 potions of haste
 o - 7 potions of curing
 q - a potion of might
 v - 2 potions of berserk rage
 z - 2 potions of mutation
 G - 4 potions of flight


   Skills:
 + Level 8.8 Fighting
 * Level 11.3 Maces & Flails
 - Level 1.7 Throwing
 + Level 8.4 Armour
 * Level 9.7 Dodging


You had 11 spell levels left.
You didn't know any spells.
Your spell library was empty.

Dungeon Overview and Level Annotations

Branches:
Dungeon (12/15)            Temple (1/1) D:5            Lair (0/6) D:11
Ossuary (visited)
    Orc: D:9-12

Altars:
Ashenzari
Cheibriados
Dithmenos
Elyvilon
Fedhas
Gozag
Hepliaklqana
Kikubaaqudgha
Makhleb
Nemelex Xobeh
Okawaru
Qazlal
Ru
Sif Muna
Trog
Uskayaw
Vehumet
Wu Jian
Xom
Yredelemnul
Zin
The Shining One

Shops:
D:9 :   D:11 :


Innate Abilities, Weirdness & Mutations

You are resistant to torment.
Your stone body is resilient. (AC +8)
You are immune to poison.
You resist negative energy. (rN+)
You are resistant to electric shocks. (rElec)
You can survive without breathing.
You are immune to petrification.
You are immune to rotting.


Message History

You hit the yak but do no damage.
The yak is almost dead.
The yak gores you.
* * * LOW HITPOINT WARNING * * *
The yak misses you.
You hit the yak but do no damage.
The yak is almost dead.
The yak gores you!
* * * LOW HITPOINT WARNING * * *
The yak gores you but does no damage. The yak completely misses you.
The yak closely misses you.
You are confused.
You feel invigorated.
The yak gores you but does no damage. x2
The yak gores you.
* * * LOW HITPOINT WARNING * * *
The yak gores you but does no damage.
You hit the yak but do no damage. The yak misses you. The yak gores you.
* * * LOW HITPOINT WARNING * * *
The yak gores you!
You die...

#...#.## .##... .
#......##.#....
.###......#.....#
...............#
##....##........
#......#........
...#.......YY.....#
.......<...@Y.....#
............Y.....#
..................#
..>......##.......#
..........#........
.........##........
.........##........
..........#....####


You could see 4 yaks.

Vanquished Creatures
  3 two-headed ogres
  An ugly thing (D:11)
  A cyclops (D:11)
  A centaur zombie (D:11)
  Joseph (D:9)
  Maurice (D:8)
  The ghost of sinister the Cudgeler, a novice MiFi of Okawaru (D:5)
  A kobold demonologist (D:11)
  A troll (D:11)
  A hippogriff (D:7)
  A vampire (D:11)
  Sigmund (D:6)
  A wyvern (D:8)
  3 yaks (D:12)
  Grum (D:9)
  Edmund (D:6)
  A water moccasin (D:10)
  Duvessa (D:6)
  3 sky beasts
  2 ice beasts
  7 orc warriors
  3 phantoms
  A necrophage (D:10)
  3 ogres
  3 wolves (D:9)
  10 centaurs
  5 bullfrogs
  A big kobold (D:7)
  Dowan (D:6)
  A wyvern zombie (Ossuary)
  5 scorpions
  7 killer bees
  4 wights (D:11)
  5 howler monkeys
  The ghost of Lanoc the Charlatan, a weakling FoAr (D:3)
  9 electric eels
  A crimson imp (D:6)
  5 bullfrog zombies
  6 hounds
  4 jellies
  A quasit (D:10)
  13 orc priests
  17 orc wizards
  4 bullfrog skeletons
  3 centaur skeletons
  15 mummies (Ossuary)
  2 iguanas (D:9)
  6 worker ants
  A killer bee zombie (Ossuary)
  2 hound zombies
  2 hound skeletons (D:4)
  A howler monkey zombie (D:6)
  4 worker ant zombies (Ossuary)
  9 adders
  16 gnolls
  2 shadow imps
  5 white imps
  4 ufetubi
  An ooze (D:4)
  An adder skeleton (D:7)
  5 worms
  A dart slug (D:2)
  7 leopard geckos
  52 orcs
  15 giant cockroaches
  6 goblins
  8 hobgoblins
  12 jackals
  5 quokkas
  4 bats
  3 frilled lizards (D:2)
  A giant cockroach zombie (D:5)
  A jackal skeleton (D:5)
  12 kobolds
  A leopard gecko skeleton (D:4)
  3 leopard gecko zombies
  2 quokka skeletons
  6 rats
362 creatures vanquished.

Vanquished Creatures (others)
  An orc wizard (D:5)
  An orc (D:11)
  A kobold (D:11)
  6 plants (D:5)
  7 withered plants (Ossuary)
16 creatures vanquished.

Grand Total: 378 creatures vanquished

Notes
Turn   | Place    | Note
-------+----------+-------------------------------------------
     0 | D:1      | Borgoz the Gargoyle Gladiator began the quest for the Orb.
     0 | D:1      | Reached XP level 1. HP: 12/12 MP: 1/1
   241 | D:1      | Reached XP level 2. HP: 17/17 MP: 2/2
   846 | D:2      | Reached XP level 3. HP: 22/22 MP: 3/3
   930 | D:2      | Reached skill level 1 in Armour
  1143 | D:2      | Reached XP level 4. HP: 26/27 MP: 4/4
  1740 | D:3      | Found a large runed translucent door.
  1740 | D:3      | Found a large runed translucent door.
  1741 | D:3      | Noticed Lanoc's ghost (weakling FoAr)
  1768 | D:3      | Noticed an ogre
  1779 | D:3      | Killed an ogre
  1779 | D:3      | Reached skill level 4 in Maces & Flails
  1779 | D:3      | Reached XP level 5. HP: 17/32 MP: 5/5
  2170 | D:3      | Found a faded altar of an unknown god.
  2189 | D:3      | Reached XP level 6. HP: 35/37 MP: 6/6
  3162 | D:3      | Killed Lanoc's ghost
  3279 | D:4      | Reached skill level 5 in Maces & Flails
  3309 | D:4      | Found a blossoming altar of Fedhas.
  3376 | D:4      | Reached XP level 7. HP: 26/42 MP: 7/7
  4041 | D:5      | Entered Level 5 of the Dungeon
  4117 | D:5      | Found a staircase to the Ecumenical Temple.
  4131 | Temple   | Entered the Ecumenical Temple
  4269 | Temple   | Became a worshipper of Zin the Law-Giver
  4269 | Temple   | Reached * piety under Zin
  4459 | D:5      | Reached XP level 8. HP: 48/48 MP: 8/8
  4646 | D:5      | Reached ** piety under Zin
  4666 | D:5      | Reached skill level 6 in Maces & Flails
  4674 | D:5      | Reached skill level 5 in Dodging
  4912 | D:5      | Found a transporter.
  4912 | D:5      | Noticed sinister's ghost (novice MiFi)
  4916 | D:5      | Found a transporter.
  5456 | D:5      | Reached skill level 5 in Fighting
  5812 | D:6      | Reached *** piety under Zin
  5891 | D:6      | Noticed Edmund
  5900 | D:6      | Killed Edmund
  5954 | D:6      | Noticed Duvessa
  5954 | D:6      | Noticed Dowan
  5963 | D:6      | Killed Duvessa
  5963 | D:6      | Reached skill level 7 in Maces & Flails
  5970 | D:6      | Killed Dowan
  5970 | D:6      | Reached XP level 9. HP: 48/54 MP: 9/9
  6017 | D:6      | Found a burning altar of Makhleb.
  6332 | D:6      | Reached **** piety under Zin
  6353 | D:6      | Noticed Sigmund
  6360 | D:6      | Killed Sigmund
  6360 | D:6      | Reached skill level 5 in Armour
  6544 | D:7      | Found a sand-covered staircase.
  6558 | Ossuary  | Entered an ossuary
  6817 | Ossuary  | Reached skill level 8 in Maces & Flails
  7666 | D:7      | Reached XP level 10. HP: 52/61 MP: 10/10
  8508 | D:8      | Reached skill level 9 in Maces & Flails
  8605 | D:8      | Noticed a two-headed ogre
  8617 | D:8      | Killed a two-headed ogre
  8688 | D:8      | Found a stormy altar of Qazlal.
  8995 | D:8      | Noticed Maurice
  9036 | D:8      | Killed Maurice
  9266 | D:9      | Noticed a two-headed ogre
  9287 | D:9      | Killed a two-headed ogre
  9596 | D:9      | Noticed Joseph
  9609 | D:9      | Killed Joseph
  9609 | D:9      | Reached skill level 10 in Maces & Flails
  9609 | D:9      | Reached XP level 11. HP: 61/67 MP: 11/11
  9725 | D:9      | Noticed Grum
  9739 | D:9      | Killed Grum
  9936 | D:9      | Found Kamutij's Book Shoppe.
 10403 | D:10     | Entered Level 10 of the Dungeon
 11227 | D:11     | Got a dazzling rapier
 11228 | D:11     | Identified the +8 rapier of Freehold {pain, Str+7 Int+6
                  | Dex+4} (You found it on level 11 of the Dungeon)
 12015 | D:5      | Killed sinister's ghost
 12275 | D:11     | Noticed a green ugly thing
 12307 | D:11     | Killed a green ugly thing
 12336 | D:11     | Reached ***** piety under Zin
 12592 | D:11     | Found a staircase to the Lair.
 12592 | D:11     | Noticed a cyclops
 12600 | D:11     | Killed a cyclops
 12605 | D:11     | Reached skill level 11 in Maces & Flails
 12929 | D:11     | Found Ymepp's Book Boutique.
 12950 | D:11     | Noticed a two-headed ogre
 12991 | D:11     | Killed a two-headed ogre
 13259 | D:11     | Reached XP level 12. HP: 75/75 MP: 12/12
 13524 | D:12     | Slain by a yak

Illustrated notes

Levels and vault maps discovered:
D:1:      evilmike_arrival_crescent, layout_basic
D:2:      layout_basic
D:3:      minmay_roachtagon, layout_loops_corners, ebering_ghost_disaster_area,
          chequers_ecumenical_altar_simple_redux
D:4:      layout_cave_pools, fedhas_altar_fruit_tree
D:5:      layout_basic, temple_pool_b, gammafunk_ghost_arena,
          serial_bayou_pond_b
D:6:      layout_loops_ring, makhleb_grotto_becter, uniq_sigmund, uniq_duvessa,
          uniq_edmund
D:7:      layout_basic, chequers_ossuary_entry_cave
D:8:      layout_rooms, basic_altar, uniq_maurice
D:9:      layout_basic, serial_shops, shop, uniq_grum, uniq_joseph
D:10:     layout_basic
D:11:     erik_rubicon_a, layout_rooms, lair_entry_dummy,
          kennysheep_windowed_goal
D:12:     layout_cave_pools, orc_0_dummy, serial_shops, shop,
          serial_bayou_ford_a, uniq_azrael
Temple:   compressed_dpeg_circular_temple

Skill      XL: |  1  2  3  4  5  6  7  8  9 10 11 |
---------------+----------------------------------+-----
Armour         | 1 2 3 4 5 7 8 |  8.4
Dodging        | 3 4 5 7 8 9 |  9.7
Fighting       | 3 4 5 6 7 8 |  8.8
Maces & Flails | 4 5 7 8 10 11 | 11.3
Throwing       | |  1.7

Action                   |  1- 3 |  4- 6 |  7- 9 | 10-12 || total
-------------------------+-------+-------+-------+-------++-------
Melee: Flail             |    97 |   133 |   285 |   792 ||  1307
       Morningstar       |       |    71 |   285 |       ||   356
Throw: Throwing net      |       |       |       |     1 ||     1
Evoke: Wand              |       |     3 |       |     9 ||    12
  Use: Potion            |       |     1 |     5 |     1 ||     7
       Scroll            |       |       |    15 |     6 ||    21
 Stab: Paralysed         |       |       |       |    12 ||    12
       Held in net/web   |       |       |       |     1 ||     1
Armor: Leather armour    |     3 |       |       |       ||     3
       Ring mail         |    49 |   111 |   284 |    60 ||   504
       Scale mail        |       |       |       |   418 ||   418
Dodge: Dodged            |    59 |   170 |   405 |   629 ||  1263
Block: Other             |       |       |    18 |   207 ||   225
       Reflection        |       |       |     2 |    14 ||    16

Table legend: (Time is in decaauts)
 A = Elapsed time spent in this place.
 B = Non-inter-level travel time spent in this place.
 C = Inter-level travel time spent in this place.
 D = Time resting spent in this place.
 E = Time spent auto-exploring this place.
 F = Levels seen in this place.
 G = Mean time per level.
                   A        B        C        D        E       F      G
               +--------+--------+--------+--------+--------+-----+--------+
         Total |  13645 |  12967 |    678 |   2335 |   7420 |  14 |  974.6 |
       Dungeon |  12861 |  12223 |    638 |   2143 |   7181 |  12 | 1071.8 |
        Temple |    150 |    110 |     40 |      0 |     69 |   1 |  150.0 |
       Ossuary |    633 |    633 |      0 |    192 |    170 |   1 |  633.0 |
               +--------+--------+--------+--------+--------+-----+--------+

Top non-repeatable levels by time:
    D:11: 1999 daAuts
     D:5: 1707 daAuts
     D:3: 1543 daAuts
     D:7: 1444 daAuts
     D:9: 1348 daAuts
     D:2: 974 daAuts
     D:4: 820 daAuts
     D:1: 784 daAuts
     D:6: 779 daAuts
    D:10: 760 daAuts
     D:8: 665 daAuts
 Ossuary: 633 daAuts
  Temple: 150 daAuts
    D:12: 32 daAuts
